 Dungeon Crawl Stone Soup version 0.22.1-2-g9c5b331 (webtiles) character file.

16 voilodion the Chiller (level 2, 0/20 HPs)
             Began as a Draconian Ice Elementalist on Dec 2, 2018.
             Slain by a giant cockroach (2 damage)
             ... on level 2 of the Dungeon.
             The game lasted 00:04:46 (470 turns).

voilodion the Chiller (Draconian Ice Elementalist)   Turns: 470, Time: 00:04:47

Health: 0/20       AC:  4    Str: 10    XL:     2   Next: 41%
Magic:  0/5        EV: 12    Int: 15    God:
Gold:   38         SH:  0    Dex: 11    Spells: 4/5 levels left

rFire    . . .     SeeInvis .   d - +0 dagger
rCold    . . .     Gourm    .   (no shield)
rNeg     . . .     Faith    .   (armour unavailable)
rPois    .         Spirit   .   (helmet restricted)
rElec    .         Reflect  .   (no cloak)
rCorr    .         Harm     .   (no gloves)
MR       .....                  (no boots)
Stlth    ++........             (no amulet)
HPRegen  0.06/turn              (no ring)
MPRegen  0.09/turn              (no ring)

@: no status effects
A: unfitting armour, cold-blooded, AC +4
a: no special abilities


You were on level 2 of the Dungeon.
You were not hungry.

You visited 1 branch of the dungeon, and saw 2 of its levels.

You collected 38 gold pieces.

Inventory:

Hand Weapons
 d - a +0 dagger (weapon)
 g - a +0 dagger
 k - a +0 mace
 n - a +0 dagger
 p - a +0 dagger
Missiles
 j - 12 arrows
Armour
 h - a +0 ring mail
 i - a +0 leather armour
 m - a +0 leather armour
Scrolls
 a - 2 scrolls of fear {unknown}
 c - a scroll of enchant armour {unknown}
 f - 3 scrolls of teleportation {unknown}
 l - a scroll of remove curse {unknown}
 o - a scroll of random uselessness {unknown}
Potions
 e - a potion of degeneration {unknown}
Comestibles
 b - 3 rations


   Skills:
 + Level 2.1 Dodging
 + Level 1.8 Stealth
 + Level 2.1 Spellcasting
   Level 1.0 Conjurations
 + Level 3.3 Ice Magic


You had 4 spell levels left.
You knew the following spells:

 Your Spells              Type           Power        Failure   Level  Hunger
a - Freeze                Ice            ##..         5%          1    #......

Your spell library contained the following spells:

 Spells                   Type           Power        Failure   Level  Hunger
 Throw Frost              Conj/Ice       #.....       14%         2    ###....
 Ozocubu's Armour         Chrm/Ice       #.......     32%         3    ###....
 Throw Icicle             Conj/Ice       #.......     65%         4    #####..
 Summon Ice Beast         Ice/Summ       #.......     73%         4    #####..


Dungeon Overview and Level Annotations

Branches:
Dungeon (2/15)

Altars:


Innate Abilities, Weirdness & Mutations

Your plain brown scales are hard. (AC +4)
You cannot fit into any form of body armour.
You are cold-blooded and may be slowed by cold attacks.


Message History

The adder is almost dead.
The adder is no longer moving slowly.
The adder barely misses you.
You barely miss the adder.
The adder is almost dead.
The adder bites you but does no damage. The adder barely misses you.
Casting: Freeze (safe; 6% risk of failure)
Confirm with . or Enter, or press ? or * to list all spells.
You don't have enough magic to cast that spell.
You closely miss the adder.
The adder is almost dead.
The adder bites you but does no damage.
You hit the adder.
You kill the adder!
You have reached level 2!
The giant cockroach barely misses you.
Casting: Freeze (safe; 5% risk of failure)
Confirm with . or Enter, or press ? or * to list all spells.
You don't have enough magic to cast that spell.
You closely miss the giant cockroach. The giant cockroach bites you.
You die...

#.##g##.# ##.###
..##<##.# ....
..##.##.## ##.##
.........####...##
########.w.......#
##.###?g..#
#......#g#
#..#####s# ⌠#..#
#@# $#.## #.# #..
..# #.. #.## #( #.
#. #.


You could see a giant cockroach and a hobgoblin.

Vanquished Creatures
  An adder (D:2)
  A dart slug (D:1)
  A leopard gecko (D:1)
  2 kobolds (D:1)
  A rat (D:1)
6 creatures vanquished.

Notes
Turn   | Place    | Note
-------+----------+-------------------------------------------
     0 | D:1      | voilodion the Draconian Ice Elementalist began the quest
                  | for the Orb.
     0 | D:1      | Reached XP level 1. HP: 14/14 MP: 3/3
   468 | D:2      | Reached XP level 2. HP: 2/20 MP: 0/5
   470 | D:2      | Slain by a giant cockroach

Skill      XL: |  1 |
---------------+----+-----
Dodging        | 2 |  2.1
Stealth        | |  1.8
Spellcasting   | |  2.1
Conjurations   | |  1.0
Ice Magic      | |  3.3

Action                   || total
-------------------------++-------
Melee: Dagger            ||     8
       Unarmed           ||     1
       Tailslap          ||     1
 Cast: Freeze            ||    14
Armor: Skin              ||     7
Dodge: Dodged            ||    12
